 Dungeon Crawl Stone Soup version 0.31-a0-196-g86fe4a5e66 (webtiles) character file.

Game seed: 1178423904893495847

2022 qw the Skirmisher (level 9, 0/50 HPs)
             Began as a Deep Elf Hunter on June 24, 2023.
             Was a Believer of Okawaru.
             Slain by a two-headed ogre
             ... wielding a +0 giant spiked club
              (14 damage)
             ... on level 6 of the Dungeon.
             The game lasted 00:01:46 (3797 turns).

qw the Skirmisher (Deep Elf Hunter)                 Turns: 3797, Time: 00:01:47

Health: 0/50       AC:  9    Str: 12    XL:     9   Next: 3%
Magic:  12/14      EV: 21    Int: 15    God:    Okawaru [**....]
Gold:   399        SH:  0    Dex: 24    Spells: 8/8 levels left

rFire   . . .        Y - +2 longbow
rCold   . . .        (shield currently unavailable)
rNeg    . . .        c - +2 leather armour {Will+}
rPois   +            (no helmet)
rElec   .            j - +0 cloak
rCorr   +            (no gloves)
SInv    .            h - +1 pair of boots
Will    ++...        m - amulet of faith
Stlth   +++++        f - ring "Ushruero" {*Slow Will+ rCorr Dex+6 Stlth+}
HPRegen 0.28/turn    g - ring of poison resistance
MPRegen 0.14/turn

%: slow self (1%), faith
@: heroic
A: no striking features
a: Renounce Religion, Heroism


You were on level 6 of the Dungeon.
You worshipped Okawaru.
Okawaru was pleased with you.
You visited 2 branches of the dungeon, and saw 7 of its levels.

You collected 399 gold pieces.


   Skills:
 - Level 3.0(8.0) Fighting
 + Level 13.2(18.2) Ranged Weapons
 - Level 1.0(6.0) Armour
 - Level 6.1(11.1) Dodging
 - Level 1.2(6.2) Stealth
 - Level 4.0 Invocations


You had 8 spell levels left.
You didn't know any spells.
Your spell library was empty.

Inventory:

Hand Weapons
 Y - a +2 longbow (weapon)
Armour
 c - a +2 leather armour of willpower (worn)
 h - a +1 pair of boots (worn)
 j - a +0 cloak (worn)
 k - a +0 ring mail
Jewellery
 f - the ring "Ushruero" (left hand) {*Slow Will+ rCorr Dex+6 Stlth+}
   (You found it on level 6 of the Dungeon)

   [ring of dexterity]

   Dex:       It affects your dexterity (+6).
   rCorr:     It protects you from acid and corrosion.
   *Slow:     It may slow you when you take damage.
   Will:      It increases your willpower.
   Stlth:     It makes you more stealthy.
 g - a ring of poison resistance (right hand)
 m - an amulet of faith (around neck)
Scrolls
 a - a scroll of identify
Potions
 b - a potion of might
 d - 3 potions of curing
 e - 3 potions of mutation
 i - a potion of haste
 n - 2 potions of heal wounds {unknown}

Dungeon Overview and Level Annotations

Branches:
Dungeon (6/15)             Temple (1/1) D:4

Altars:
Ashenzari
Cheibriados
Dithmenos
Elyvilon
Fedhas
Gozag
Hepliaklqana
Kikubaaqudgha
Makhleb
Nemelex Xobeh
Okawaru
Qazlal
Ru
Sif Muna
Trog
Vehumet
Wu Jian
Xom
Yredelemnul
Zin
The Shining One

Shops:
D:1 *


Message History

A kobold brigand comes into view.
It is wielding a +0 dagger and quivering poisoned darts.
Your base Ranged Weapons skill increases to level 13!
You shoot an arrow. The arrow barely misses the black bear.
You shoot an arrow. The arrow hits the black bear!!
You kill the black bear!
Okawaru accepts your kill.
You have reached level 9!
Your experience leads to an increase in your attributes!
Your base attributes are Str 10, Int 15, Dex 18.
Increase (S)trength, (I)ntelligence, or (D)exterity?
You feel stronger. x2
You shoot an arrow. The arrow hits the kobold brigand.
The kobold brigand is lightly wounded.
You shoot an arrow. The arrow hits the two-headed ogre!
The two-headed ogre is lightly wounded.
You shoot an arrow. The arrow hits the two-headed ogre.
The two-headed ogre is moderately wounded.
You shoot an arrow.
The arrow hits the two-headed ogre but does no damage.
The two-headed ogre is moderately wounded.
A phantom comes into view.
You shoot an arrow. The arrow hits the two-headed ogre!
The two-headed ogre is moderately wounded.
The two-headed ogre barely misses you.
The two-headed ogre hits you with a +0 giant spiked club!
You shoot an arrow.
The arrow barely misses the two-headed ogre.
You shoot an arrow. The arrow hits the two-headed ogre.
The two-headed ogre is heavily wounded.
The two-headed ogre hits you with a +0 giant spiked club!!
Ouch! That really hurt!
The two-headed ogre closely misses you.
You shoot an arrow. The arrow hits the two-headed ogre!!
The two-headed ogre is severely wounded.
You shoot an arrow.
The arrow hits the two-headed ogre but does no damage.
The two-headed ogre is severely wounded.
The two-headed ogre misses you.
The two-headed ogre hits you with a +0 giant spiked club!
You die... ... #.# .# ..
Fo..

#.# .. #. o..}? #.#. .##.
..ooh##.#. ).W #![#.#. )K ##!#.#.
#l ###.#. #### #O##### ##.#.
#+#####..# #.@.).# #..#.
#.#..##..## #####.# #.##.
#.#..#.##.##### ##'### ####'##.
#.....####....####....####....##.
#......##.))...##......##......#.
...#......)#.!.....#.......#....#
..####....####..(.####....####..#
..####....####....####....####..#
....#)))....#.......#.......#...#


You could see a two-headed ogre, a kobold brigand, a phantom and an iguana.

Vanquished Creatures
  Maggie (D:6)
  Menkaure (D:6)
  Duvessa (D:4)
  2 black bears
  An ogre (D:6)
  A phantom (D:6)
  A bullfrog (D:6)
  A gnoll sergeant (D:6)
  5 scorpions
  A wight (D:6)
  Dowan (D:4)
  2 gnoll boudas
  5 hounds
  2 jellies (D:6)
  A sleepcap (D:4)
  3 orc wizards
  An iguana (D:5)
  10 gnolls
  10 adders
  A shadow imp (D:6)
  An ufetubus (D:5)
  A worm (D:2)
  2 dart slugs
  5 orcs
  8 endoplasms
  4 giant cockroaches
  5 goblins
  13 hobgoblins
  2 jackals (D:4)
  5 kobolds
  6 quokkas
  6 ball pythons
  4 bats
  A frilled lizard (D:1)
  13 rats
127 creatures vanquished.

Notes
Turn   | Place    | Note
-------+----------+-------------------------------------------
     0 | D:1      | qw the Deep Elf Hunter began the quest for the Orb.
     0 | D:1      | Reached XP level 1. HP: 12/12 MP: 3/3
     0 | D:1      | 0 ||| qw: Version: 0.3-a-9-g12657ce
     0 | D:1      | 0 ||| qw: Game counter: 4770
     0 | D:1      | 0 ||| qw: Always use a shield: true
     0 | D:1      | 0 ||| qw: God list: Okawaru
     0 | D:1      | 0 ||| qw: Allow faded altars: false
     0 | D:1      | 0 ||| qw: Do Orc after D:15 true
     0 | D:1      | 0 ||| qw: Do second Lair branch before Depths: true
     0 | D:1      | 0 ||| qw: Lair rune preference: random
     0 | D:1      | 0 ||| qw: Plans: Normal
     0 | D:1      | 0 ||| PLANNING D:1-11
    53 | D:1      | Found Ziuhicog's Assorted Antiques.
    57 | D:1      | 57 ||| SHOPLISTING forked ivory wand (116 gold, have 8).
    57 | D:1      | 57 ||| SHOPLISTING fuming silvery potion (26 gold, have 8).
    57 | D:1      | 57 ||| SHOPLISTING scroll labelled BUN SITHUTIXETE (29
                  | gold, have 8).
    57 | D:1      | 57 ||| SHOPLISTING scroll labelled FEISADGHA OPRYCRU (29
                  | gold, have 8).
    76 | D:1      | Reached XP level 2. HP: 16/16 MP: 4/4
    92 | D:1      | Reached skill level 6 in Ranged Weapons
   150 | D:1      | 150 ||| FLEEEEING.
   156 | D:1      | 156 ||| FLEEEEING.
   157 | D:1      | 157 ||| FLEEEEING.
   158 | D:1      | 158 ||| FLEEEEING.
   316 | D:1      | Reached XP level 3. HP: 20/20 MP: 5/5
   422 | D:1      | 422 ||| UPGRADING to +0 scale mail.
   432 | D:1      | 432 ||| DROPPING +0 leather armour.
   433 | D:1      | 433 ||| READING 2 scrolls labelled KYHO APATUMIFA.
   434 | D:1      | 434 ||| READING scroll labelled FEISADGHA OPRYCRU.
   435 | D:1      | 435 ||| READING scroll labelled ITUCUZU QUAHE.
   536 | D:1      | 536 ||| READING scroll labelled ZAYLASK NEID.
   537 | D:1      | 537 ||| DRINKING 2 glowing blue potions.
   538 | D:1      | 538 ||| DROPPING scroll of butterflies.
   628 | D:2      | 628 ||| FLEEEEING.
   629 | D:2      | 629 ||| FLEEEEING.
   630 | D:2      | 630 ||| FLEEEEING.
   631 | D:2      | 631 ||| FLEEEEING.
   632 | D:2      | 632 ||| FLEEEEING.
   633 | D:2      | 633 ||| FLEEEEING.
   635 | D:2      | 635 ||| FLEEEEING.
   636 | D:2      | 636 ||| FLEEEEING.
   637 | D:2      | 637 ||| FLEEEEING.
   639 | D:2      | 639 ||| FLEEEEING.
   640 | D:2      | 640 ||| FLEEEEING.
   641 | D:2      | 641 ||| FLEEEEING.
   642 | D:2      | 642 ||| FLEEEEING.
   643 | D:2      | 643 ||| FLEEEEING.
   735 | D:2      | Reached skill level 7 in Ranged Weapons
   930 | D:2      | Reached XP level 4. HP: 21/25 MP: 6/6
  1319 | D:2      | 1319 ||| SWAPPING to +0 longbow.
  1320 | D:2      | 1320 ||| DROPPING +0 shortbow.
  1321 | D:2      | 1321 ||| UPGRADING to +0 pair of boots.
  1326 | D:2      | 1326 ||| UPGRADING to +0 cloak.
  1331 | D:2      | 1331 ||| DROPPING ring of magical power.
  1332 | D:2      | 1332 ||| READING scroll labelled HOSSON PAXKOYPS.
  1470 | D:3      | 1470 ||| READING scroll of enchant weapon.
  1470 | D:3      | 1470 ||| ENCHANTING +1 longbow.
  1491 | D:3      | Reached skill level 8 in Ranged Weapons
  1529 | D:3      | Found a faded altar of an unknown god.
  1862 | D:3      | 1862 ||| READING scroll labelled LEPSUI BIGEYCA.
  1863 | D:3      | 1863 ||| READING scroll labelled GAOFIKIDDI.
  1864 | D:3      | 1864 ||| READING scroll labelled BUN SITHUTIXETE.
  1868 | D:3      | 1868 ||| DRINKING 2 smoky cyan potions.
  1869 | D:3      | 1869 ||| READING 5 scrolls of identify.
  1869 | D:3      | 1869 ||| IDENTIFYING murky silvery potion
  1870 | D:3      | 1870 ||| READING 4 scrolls of identify.
  1870 | D:3      | 1870 ||| IDENTIFYING red potion
  1871 | D:3      | 1871 ||| READING 3 scrolls of identify.
  1871 | D:3      | 1871 ||| IDENTIFYING bubbling grey potion
  1872 | D:3      | 1872 ||| READING 2 scrolls of identify.
  1872 | D:3      | 1872 ||| IDENTIFYING viscous orange potion
  1873 | D:3      | 1873 ||| DROPPING potion of degeneration.
  1874 | D:3      | 1874 ||| DROPPING potion of invisibility.
  1875 | D:3      | 1875 ||| DROPPING potion of lignification.
  1914 | D:4      | Reached skill level 1 in Armour
  1916 | D:4      | Reached XP level 5. HP: 23/29 MP: 7/7
  1961 | D:4      | Found a staircase to the Ecumenical Temple.
  1962 | D:4      | 1962 ||| PLANNING TEMPLE
  1962 | D:4      | 1962 ||| UPGRADING to +2 leather armour of willpower.
  1972 | D:4      | 1972 ||| READING scroll labelled ZATAET LOBEYSS.
  1973 | D:4      | You fall into a shaft and drop 2 floors!
  1989 | D:6      | Reached skill level 9 in Ranged Weapons
  2043 | D:6      | Reached skill level 3 in Dodging
  2043 | D:6      | Reached XP level 6. HP: 34/34 MP: 8/8
  2186 | D:6      | Identified the ring "Ushruero" {*Slow Will+ rCorr Dex+6
                  | Stlth+}
  2210 | D:6      | 2210 ||| UPGRADING to ring "Ushruero" {*Slow Will+ rCorr
                  | Dex+6 Stlth+}.
  2219 | D:5      | Entered Level 5 of the Dungeon
  2331 | D:4      | Noticed Duvessa
  2331 | D:4      | Noticed Dowan
  2338 | D:4      | Killed Duvessa
  2342 | D:4      | Killed Dowan
  2343 | D:4      | Reached XP level 7. HP: 12/40 MP: 9/9
  2343 | D:4      | 2343 ||| DRINKING 3 potions of curing.
  2343 | D:4      | 2343 ||| (to cure poison)
  2458 | D:4      | Found a hazy altar of Hepliaklqana.
  2458 | D:4      | Found a white marble altar of Elyvilon.
  2459 | D:4      | 2459 ||| DROPPING +0 scale mail.
  2463 | D:4      | 2463 ||| READING 2 scrolls of identify.
  2463 | D:4      | 2463 ||| IDENTIFYING gluggy clear potion
  2497 | Temple   | Entered the Ecumenical Temple
  2519 | Temple   | 2519 ||| PLANNING OKAWARU WORSHIP
  2653 | Temple   | Became a worshipper of Warmaster Okawaru
  2654 | Temple   | 2654 ||| PLANNING D:1-11
  2906 | D:4      | Found a snail-covered altar of Cheibriados.
  3018 | D:4      | 3018 ||| UPGRADING to amulet of faith.
  3023 | D:4      | 3023 ||| UPGRADING to ring of poison resistance.
  3060 | D:5      | Reached skill level 10 in Ranged Weapons
  3065 | D:5      | 3065 ||| STAIRDANCE
  3222 | D:5      | Reached skill level 11 in Ranged Weapons
  3229 | D:5      | 3229 ||| READING scroll of enchant armour.
  3229 | D:5      | 3229 ||| ENCHANTING +0 pair of boots.
  3447 | D:5      | Reached * piety under Okawaru
  3507 | D:5      | 3507 ||| READING scroll labelled HUARE ECOI.
  3508 | D:5      | 3508 ||| READING 2 scrolls of identify.
  3508 | D:5      | 3508 ||| IDENTIFYING grey potion
  3509 | D:5      | 3509 ||| DROPPING potion of brilliance.
  3524 | D:6      | 3524 ||| INVOKING Heroism.
  3575 | D:6      | Noticed Menkaure
  3579 | D:6      | Killed Menkaure
  3580 | D:6      | Reached skill level 12 in Ranged Weapons
  3580 | D:6      | Reached XP level 8. HP: 44/44 MP: 10/10
  3605 | D:6      | Noticed Maggie
  3613 | D:6      | Killed Maggie
  3614 | D:6      | Reached skill level 3 in Fighting
  3647 | D:6      | 3647 ||| Stepping ~*~*~tactically~*~*~ (outnumbered).
  3649 | D:6      | 3649 ||| Stepping ~*~*~tactically~*~*~ (outnumbered).
  3652 | D:6      | 3652 ||| INVOKING Heroism.
  3653 | D:6      | 3653 ||| Stepping ~*~*~tactically~*~*~ (outnumbered).
  3658 | D:6      | Reached skill level 3 in Invocations
  3675 | D:6      | 3675 ||| INVOKING Heroism.
  3729 | D:6      | 3729 ||| INVOKING Heroism.
  3736 | D:6      | 3736 ||| Stepping ~*~*~tactically~*~*~ (outnumbered).
  3759 | D:6      | 3759 ||| Stepping ~*~*~tactically~*~*~ (outnumbered).
  3762 | D:6      | 3762 ||| Stepping ~*~*~tactically~*~*~ (outnumbered).
  3765 | D:6      | Reached skill level 6 in Dodging
  3767 | D:6      | Reached ** piety under Okawaru
  3781 | D:6      | 3781 ||| INVOKING Heroism.
  3782 | D:6      | Noticed a two-headed ogre
  3787 | D:6      | Reached skill level 13 in Ranged Weapons
  3789 | D:6      | Reached XP level 9. HP: 50/50 MP: 11/14
  3797 | D:6      | Slain by a two-headed ogre

Levels and vault maps discovered:
D:1:      minmay_arrival_nine_rooms, layout_rooms, serial_shops,
          nicolae_shop_behind_doors
D:2:      layout_basic
D:3:      layout_loops_ring, ebering_ecumenical_altar_sacrificial
D:4:      layout_gridville, gammafunk_temple_overflow_claw,
          minmay_temple_entry_steel_oval, uniq_duvessa
D:5:      layout_cave_pools
D:6:      wad_guarded_room, layout_basic, uniq_maggie, uniq_menkaure
Temple:   regret_index_temple_chain_breaker

Skill      XL: |  1  2  3  4  5  6  7  8 |
---------------+-------------------------+-----
Ranged Weapons | 6 7 8 9 12 13 | 13.2
Armour         | 1 |  1.0
Dodging        | 3 4 5 6 |  6.1
Fighting       | 2 3 |  3.0
Invocations    | 4 |  4.0
Stealth        | |  1.2

Action                     |  1- 3 |  4- 6 |  7- 9 || total
---------------------------+-------+-------+-------++-------
   Fire: Shortbow          |   120 |    19 |       ||   139
         Longbow           |       |    75 |   126 ||   201
 Invoke: Heroism           |       |       |     5 ||     5
    Use: Scroll            |     4 |    10 |     4 ||    18
         Potion            |     1 |     1 |     1 ||     3
 Armour: Leather armour    |     2 |     5 |     8 ||    15
         Scale mail        |    21 |    17 |       ||    38
  Dodge: Dodged            |    13 |    37 |    32 ||    82

Table legend:
 A = Non-vault XP
 B = Vault XP
 C = Vault XP percentage of total XP
 D = Non-vault monster count
 E = Vault monster count
 F = Vault count percentage of total count
                 A         B        C        D         E       F
            +---------+---------+-------+---------+---------+-------
      Total |    1599 |    1290 |  44.7 |     114 |      13 |  10.2
            +---------+---------+-------+---------+---------+-------
        D:1 |      41 |       0 |   0.0 |      26 |       0 |   0.0
        D:2 |      80 |       0 |   0.0 |      28 |       0 |   0.0
        D:3 |      61 |       0 |   0.0 |      15 |       0 |   0.0
        D:4 |     216 |     214 |  49.8 |      16 |       2 |  11.1
        D:5 |     395 |       0 |   0.0 |      11 |       0 |   0.0
        D:6 |     806 |    1076 |  57.2 |      18 |      11 |  37.9
            +---------+---------+-------+---------+---------+-------
